 Dungeon Crawl Stone Soup version 0.26-a0-812-g31a745ddcd (webtiles) character file.

Game seed: 5381826035565141455

84 Morbidden the Sneak (level 4, 25/34 HPs)
             Began as a Demonspawn Brigand on Nov 13, 2020.
             Quit the game on level 2 of the Dungeon.
             The game lasted 00:01:46 (2343 turns).

Morbidden the Sneak (Demonspawn Brigand)            Turns: 2343, Time: 00:01:46

Health: 25/34      AC:  5    Str: 12    XL:     4   Next: 23%
Magic:  4/4        EV: 27    Int: 13    God:
Gold:   112        SH:  0    Dex: 14    Spells: 3/3 levels left

rFire    + . .     SeeInvis .   a - +2 dagger
rCold    x . .     Faith    .   (no shield)
rNeg     . . .     Spirit   .   b - +0 robe
rPois    .         Reflect  .   (no helmet)
rElec    .         Harm     .   c - +0 cloak
rCorr    .         Rampage  .   (no gloves)
MR       .....                  (no boots)
Stlth    +++.......             j - amulet of the acrobat
HPRegen  0.11/turn              f - ring of fire
MPRegen  0.09/turn              (no ring)

@: acrobat
A: yellow scales 1, powered by pain 1
a: no special abilities


You were on level 2 of the Dungeon.
You visited 1 branch of the dungeon, and saw 2 of its levels.

You collected 112 gold pieces.

Inventory:

Hand Weapons
 a - a +2 dagger (weapon)
Armour
 b - a +0 robe (worn)
 c - a +0 cloak (worn)
Jewellery
 f - a ring of fire (left hand)
 j - an amulet of the acrobat (around neck)
Scrolls
 i - 2 scrolls of identify {unknown}
 k - a scroll of remove curse {unknown}
Potions
 g - a potion of attraction
 h - a potion of might {unknown}


   Skills:
 * Level 2.5 Fighting
 + Level 2.5 Short Blades
 + Level 2.1 Throwing
 + Level 1.4 Dodging
 + Level 4.3 Stealth


You had 3 spell levels left.
You didn't know any spells.
Your spell library was empty.

Dungeon Overview and Level Annotations

Branches:
Dungeon (2/15)

Altars:
Elyvilon
Ru


Innate Abilities, Weirdness & Mutations

You are partially covered in yellow scales. (AC +2)
You sometimes gain a little power by taking damage.


Message History

Terence zaps a wand.
You resist with significant effort. The rat closely misses you.
Terence zaps a wand.
You resist with significant effort.
Terence zaps a wand.
You resist with significant effort.
Throwing (i - inventory)
e - a curare-tipped dart (quivered)
Press: ? - help, Shift-Dir - straight line, f/p - Terence
Aim: Terence, wielding a +0 hand axe, wearing a +0 ring mail and carrying a wand of polymorph (5) (moderately wounded, very poisoned)
You throw a curare-tipped dart.
The curare-tipped dart closely misses the rat.
The curare-tipped dart hits Terence.
Terence looks as sick as possible!
Terence convulses.
Terence seems to slow down.
Terence is severely wounded.
You hit the rat.
You kill the rat!
You kill Terence!
You have reached level 4!
You feel stronger.
Your demonic ancestry asserts itself...
You feel energised by your suffering.
Quiver which item? (- for none, * to show all) (? for menu, Esc to quit)
Okay, then.
Are you sure you want to abandon this character and quit the game? (Confirm with "yes".)

#.##..#+..#......................
#.....########............####..#
#.....# ######.................>#
..##### #...#.................###
... ..##...#.................#
... .......#.................#
.......##................#
(.....(..(.†.............#
..........)@.............#
.........................#
................####....##
................# #....#
#####...........# #....#
############# #....# ######


There were no monsters in sight!

Vanquished Creatures
  Terence (D:2)
  An adder (D:2)
  An ooze (D:1)
  A worm (D:2)
  A dart slug (D:2)
  2 leopard geckos (D:1)
  6 goblins
  6 hobgoblins
  5 bats
  2 frilled lizards (D:2)
  6 kobolds
  9 rats
41 creatures vanquished.

Notes
Turn   | Place    | Note
-------+----------+-------------------------------------------
     0 | D:1      | Morbidden the Demonspawn Brigand began the quest for the
                  | Orb.
     0 | D:1      | Reached XP level 1. HP: 16/16 MP: 1/1
   270 | D:1      | Gained mutation: You are partially covered in yellow
                  | scales. (AC +2) [demonic ancestry]
   270 | D:1      | Reached XP level 2. HP: 18/22 MP: 2/2
   401 | D:1      | Reached skill level 4 in Stealth
   724 | D:1      | Reached skill level 1 in Dodging
   738 | D:1      | Reached XP level 3. HP: 16/27 MP: 3/3
  1693 | D:2      | Found a white marble altar of Elyvilon.
  2048 | D:2      | Found a sacrificial altar of Ru.
  2313 | D:2      | Noticed Terence
  2341 | D:2      | Killed Terence
  2341 | D:2      | Gained mutation: You sometimes gain a little power by
                  | taking damage. [demonic ancestry]
  2341 | D:2      | Reached XP level 4. HP: 25/34 MP: 4/4
  2343 | D:2      | Quit the game

Illustrated notes

Levels and vault maps discovered:
D:1:      saegor_arrival_simple_a, layout_basic
D:2:      layout_basic, nicolae_overflow_crystal_walls,
          nicolae_ru_the_path_less_chosen, uniq_terence

Skill      XL: |  1  2 |
---------------+-------+-----
Throwing       | 2 |  2.1
Short Blades   | 2 |  2.5
Stealth        | 4 |  4.3
Dodging        | 1 |  1.4
Fighting       | |  2.5

Action                   |  1- 3 |  4- 6 || total
-------------------------+-------+-------++-------
Melee: Dagger            |   133 |       ||   133
Throw: Dart              |    18 |       ||    18
  Use: Potion            |     2 |       ||     2
 Stab: Sleeping          |     7 |       ||     7
Armor: Robe              |    49 |       ||    49
Dodge: Dodged            |   108 |       ||   108

Table legend: (Time is in decaauts)
 A = Elapsed time spent in this place.
 B = Non-inter-level travel time spent in this place.
 C = Inter-level travel time spent in this place.
 D = Time resting spent in this place.
 E = Time spent auto-exploring this place.
 F = Levels seen in this place.
 G = Mean time per level.
                   A        B        C        D        E       F      G
               +--------+--------+--------+--------+--------+-----+--------+
         Total |   2326 |   2168 |    158 |      0 |   1870 |   2 | 1163.0 |
       Dungeon |   2326 |   2168 |    158 |      0 |   1870 |   2 | 1163.0 |
               +--------+--------+--------+--------+--------+-----+--------+

Top non-repeatable levels by time:
     D:1: 1617 daAuts
     D:2: 709 daAuts
